 Dungeon Crawl Stone Soup version 0.19.1 (webtiles) character file.

230425 Peloso the Peltast (level 19, -1/155 HPs)
             Began as a Demonspawn Fighter on Dec 25, 2016.
             Was an Elder of Ashenzari.
             Killed from afar by a Tzitzimitl (25 damage)
             ... with a bolt of negative energy
             ... summoned by a lich
             ... on level 2 of the Abyss on Dec 26, 2016.
             The game lasted 04:02:21 (75958 turns).

Peloso the Peltast (Demonspawn Fighter)            Turns: 75958, Time: 04:02:22

Health: -1/155     AC: 32    Str: 28      XL:     19   Next: 12%
Magic:  18/21      EV: 10    Int: 12 (14) God:    Ashenzari [****..]
Gold:   2848       SH: 21    Dex: 14      Spells: 0 memorised, 20 levels left

rFire  . . .     SeeInvis +     x - +3 scimitar (flame)
rCold  . . .     Gourm    .     v - +1 plate armour of Sorcery {rElec Int+4} (curse)
rNeg   . . .     Faith    .     W - +2 shield
rPois  .         Spirit   .     F - +0 helmet (curse)
rElec  +         Reflect  +     A - +0 cloak {MR+}
rCorr  .         Harm     .     (no gloves)
MR     +++..     Clarity  +     (no boots)
Stlth  +.........               K - +4 amulet of reflection
                                H - +5 ring of strength (curse)
                                q - ring of flight (curse)

@: sanguine armour, drained
A: hooves 2, blurry vision 1, demonic guardian 1, magic resistance 1,
nightstalker 3, sanguine armour 3
a: Curse Item, Scrying, Renounce Religion, Evoke Flight


You were on level 2 of the Abyss.
You worshipped Ashenzari.
Ashenzari was greatly pleased with you.
You were hungry.

You visited 6 branches of the dungeon, and saw 28 of its levels.
You visited the Abyss 1 time.
You also visited: Trove, Ossuary and Bailey.

You collected 3283 gold pieces.
You spent 435 gold pieces at shops.

Inventory:

Hand Weapons
 k - a +2 scimitar of slicing
 x - a +3 scimitar of flaming (weapon)
 T - a +0 long sword
 V - a +1 long sword of draining
Armour
 d - the cursed +0 chain mail of Bedevilment {rPois Int+6}
   (You took it off a deep elf high priest on level 3 of the Elven Halls)

   It affects your intelligence (+6).
   It protects you from poison.
   It has a curse placed upon it.
 l - the cursed +1 plate armour "Erhefoxi" {MR+++}
   (You took it off a deep elf high priest on level 2 of the Elven Halls)

   It affects your resistance to hostile enchantments.
   It has a curse placed upon it.
 o - +0 mottled dragon scales
 v - the cursed +1 plate armour of Sorcery (worn) {rElec Int+4}
   (You found it on level 5 of the Lair of Beasts)

   It affects your intelligence (+4).
   It insulates you from electricity.
   It has a curse placed upon it.
 A - a +0 cloak of magic resistance (worn)
 F - a cursed +0 helmet (worn)
 J - the cursed +1 plate armour "Paett" {MP+9}
   (You took it off a deep elf blademaster on level 2 of the Elven Halls)

   It affects your magic capacity (+9).
   It has a curse placed upon it.
 W - a +2 shield (worn)
Rods
 N - a +4 iron rod (11/11)
   (You took it off a deep elf sorcerer on level 3 of the Elven Halls)
Jewellery
 c - an uncursed amulet of regeneration
 q - a cursed ring of flight (left hand)
 z - an uncursed ring of protection from cold
 H - a cursed +5 ring of strength (right hand)
 K - a +4 amulet of reflection (around neck)
 P - an uncursed ring of resist corrosion
 Q - an uncursed ring of protection from cold
 R - an uncursed ring of ice
 Y - an uncursed ring of poison resistance
 Z - the ring "Dadyshon" {rElec MP+9 Int+3 Dex-3}
   (You took it off a deep elf annihilator on level 3 of the Elven Halls)

   [ring of magical power]

   It affects your intelligence (+3).
   It affects your dexterity (-3).
   It insulates you from electricity.
   It affects your magic capacity (+9).
Wands
 b - a wand of teleportation (0/9)
 i - a wand of disintegration (8/24)
 B - a wand of heal wounds (2/9)
 D - a wand of iceblast (9/15)
 L - a wand of acid (8/15)
Scrolls
 a - a scroll of enchant armour
 e - a scroll of enchant weapon
 j - 2 scrolls of blinking
 m - a scroll of recharging
 n - 15 scrolls of remove curse
 s - a scroll of amnesia
 t - 7 scrolls of identify
 y - 3 scrolls of teleportation
 G - 3 scrolls of fear
 O - 4 scrolls of magic mapping
 S - a scroll of brand weapon {unknown}
Potions
 h - 7 potions of curing
 u - 7 potions of flight
 C - 3 potions of invisibility
 E - a potion of berserk rage
 M - 5 potions of resistance
 U - a potion of heal wounds
 X - a potion of brilliance
Books
 r - a book of Cantrips

   Spells                             Type                      Level
   a - Confusing Touch                Hexes                        1
   b - Animate Skeleton               Necromancy                   1
   c - Summon Small Mammal            Summoning                    1
   d - Apportation                    Translocation                1
 I - a book of Dreams

   Spells                             Type                      Level
   a - Ensorcelled Hibernation        Hexes/Ice                    2
   b - Silence                        Hexes/Air                    5
   c - Darkness                       Hexes                        6
   d - Shadow Creatures               Summoning                    6
Comestibles
 f - 21 bread rations
 g - 5 slices of pizza
 w - 12 meat rations


   Skills:
 + Level 15.3(14.5) Fighting
 + Level 15.7(14.9) Long Blades
   Level 1.4(0.8) Maces & Flails
   Level 1.8(1.3) Polearms
 + Level 1.4(0.8) Throwing
 + Level 14.0(13.2) Armour
 + Level 4.6(4.0) Dodging
 + Level 5.2(4.6) Stealth
 + Level 17.8(17.0) Shields
 + Level 1.4(0.8) Unarmed Combat
 + Level 1.4(0.8) Spellcasting
 + Level 3.0(4.4) Evocations


You had 20 spell levels left.
You didn't know any spells.

Dungeon Overview and Level Annotations

Branches:
Dungeon (15/15)            Temple (1/1) D:5            Lair (6/6) D:11
 Shoals (1/4) Lair:2       Spider (0/4) Lair:4        Slime (0/5) Lair:6
    Orc (2/2) D:11            Elf (3/3) Orc:2        Vaults (0/5) D:13
 Depths (0/5) D:15

Altars:
Ashenzari
Cheibriados
Dithmenos
Elyvilon
Fedhas
Gozag
Hepliaklqana
Kikubaaqudgha
Makhleb
Nemelex Xobeh
Okawaru
Qazlal
Ru
Sif Muna
Trog
Uskayaw
Vehumet
Xom
Yredelemnul
Zin
The Shining One

Shops:
D:5 (   D:7 !   D:11 :   D:15 !   Orc:2 =(*[   Elf:3 :

Annotations:
D:3 1 runed door
D:6 1 runed door


Innate Abilities, Weirdness & Mutations

You have hoof-like feet.
A weak demonic guardian rushes to your aid.
You are completely attuned to the shadows.
When seriously injured, your bleeding wounds create very thick armour. (AC +12)
Scrolls take you a little longer to read.
You are resistant to hostile enchantments. (MR+)


Message History

The lich is lightly damaged.
The lich barely misses you.
You riposte.
Your plate armour of Sorcery prevents you from hitting the lich.
You kick the lich, but do no damage.
The lich is lightly damaged.
Unknown command.
You hit the lich. You burn the lich. You kick the lich, but do no damage.
The lich is lightly damaged.
Your iron imp closely misses the Tzitzimitl.
The lich barely misses you.
You riposte.
You slice the lich!! You burn the lich! Your kick misses the lich.
The lich is heavily damaged.
Unknown command.
You hit the lich but do no damage.
The lich is heavily damaged.
The Tzitzimitl gestures at you.
The bolt of negative energy hits the lich.
The lich completely resists.
The bolt of negative energy hits you!
You feel drained.
You die...

*
#...#.....##
, * *#,#
#.....#.#. ,
,, , , ** *.
##....#.. # *
, * , , * ,,
.#
.,*#........*
, * * ,*
*.#..#
.#...##. ,
,,*
...#.##.....
** * ,*, ,
#....#55..#..
* * , ,, ,**
, #.5#L1....#
* , * , , , ,
**
#..@###.... *
* * * #..##
.#.#.# , * ,
,, , , *,..#.
*#. ##*., ,
*, ,.*#. .#,,
, ,* , , ,,,
.# ,,* *, * *
, * , ** { *
* *, *, * , *
* , , **, , ,
* *, * , , **
* * ,* * ,* *
*


You could see a Tzitzimitl, a lich (invisible), a quasit, a friendly iron imp
and a friendly quasit.

Vanquished Creatures
  The ghost of lupus83 the Peltast, an adept MiFi of Qazlal (Elf:3)
  A deep elf blademaster (Elf:2)
  A deep elf master archer (Elf:3)
  3 tentacled starspawn (Abyss:2)
  Agnes (Elf:1)
  The ghost of Pytinka the Hoplite, an adept MiFi of Xom (Elf:3)
  A deep elf sorcerer (Elf:3)
  2 orc warlords
  The ghost of Spawnferkel the Warrior, a journeyman MiGl of Okawaru (D:13)
  5 deep elf elementalists
  A caustic shrike zombie (D:15)
  4 deep elf demonologists
  A lorocyproca (Abyss:2)
  9 deep elf annihilators
  4 deep elf death magi
  An ettin (Orc:1)
  A fire dragon (Lair:6)
  A merfolk impaler (Shoals:1)
  8 deep elf high priests
  9 hydras
  An ogre mage (D:15)
  Fannar (D:12)
  An ice dragon (Lair:6)
  4 vault guards (D:13)
  A centaur warrior (D:15)
  The ghost of efeel the Thrower, a novice CeHu (D:8)
  A merfolk aquamancer (Shoals:1)
  A catoblepas (Lair:6)
  7 death yaks
  2 tengu warriors (D:13)
  A thrashing horror (Abyss:2)
  37 dancing weapons
  3 orc high priests (Orc:2)
  24 deep elf knights
  A wretched star (Abyss:2)
  4 skeletal warriors
  A spatial maelstrom (Abyss:2)
  A wizard (D:13)
  A sea snake (Shoals:1)
  14 deep elf archers
  6 hill giants
  A lindwurm (Lair:6)
  A phantasmal warrior (D:14)
  Pikel (D:8)
  A necromancer (D:15)
  6 orc knights
  A mana viper (shapeshifter) (D:13)
  2 ugly things
  A wolf spider (shapeshifter) (Elf:1)
  6 cyclopes
  7 orc sorcerers
  78 deep elf magi
  2 manticores
  A worldbinder (Abyss:2)
  4 centaur zombies
  A siren (Lair:2)
  A water nymph (Shoals:1)
  17 elephants
  4 black mambas
  5 gargoyles
  8 torpor snails
  A fire giant skeleton (D:15)
  3 large abominations (Abyss:2)
  20 spiny frogs
  3 efreet
  A guardian mummy (D:15)
  6 rime drakes
  2 freezing wraiths
  14 komodo dragons
  5 polar bears
  An ancient zyme (Abyss:2)
  15 trolls
  4 merfolk
  A wind drake (Shoals:1)
  3 meliai
  9 slime creatures
  4 tyrant leeches (Lair:6)
  15 hippogriffs
  9 hornets
  4 two-headed ogres
  4 raiju (Abyss:2)
  13 blink frogs
  2 snapping turtles (Shoals:1)
  11 dream sheep
  A deep troll zombie (D:15)
  A centaur simulacrum (D:14)
  A spriggan (D:9)
  A tarantella (Lair:3)
  5 water elementals
  7 air elementals
  A fire dragon skeleton (D:15)
  5 shadows
  5 wyverns
  Sigmund (D:6)
  4 wraiths
  2 ynoxinuls (Abyss:2)
  5 fire elementals
  5 small abominations (Abyss:2)
  3 hungry ghosts
  3 basilisks
  5 golden eyes (Abyss:2)
  2 neqoxecs (Abyss:2)
  2 vampire mosquitoes (D:14)
  48 yaks
  5 mottled dragons
  4 wargs (Orc:2)
  6 swamp worms (Lair:6)
  14 water moccasins
  Duvessa (D:7)
  A hornet zombie (D:15)
  5 porcupines
  3 swamp drakes (Lair:6)
  5 sky beasts
  5 phantoms
  An ice beast (D:11)
  52 orc warriors
  2 eyes of draining
  4 wolves (Lair:6)
  18 crocodiles
  25 ogres
  9 centaurs
  4 big kobolds
  The ghost of Dolanko the Sneak, an amateur SpAs (D:3)
  Blork the orc (D:6)
  26 bullfrogs
  4 earth elementals
  A gnoll sergeant (D:8)
  Dowan (D:7)
  3 water moccasin zombies (Ossuary)
  2 scorpions
  A wyvern skeleton (D:8)
  23 killer bees
  5 howler monkeys
  5 wights (D:11)
  A bullfrog zombie (D:8)
  12 electric eels
  12 crimson imps
  7 hounds
  A quasit (Abyss:2)
  4 centaur skeletons
  8 jellies
  52 orc wizards
  3 bullfrog skeletons
  31 orc priests
  11 iguanas
  13 worker ants
  3 big kobold zombies (Ossuary)
  2 mummies (Ossuary)
  A howler monkey zombie (D:9)
  A gnoll (shapeshifter) (D:14)
  21 gnolls
  A howler monkey skeleton (D:5)
  3 worker ant zombies
  13 adders
  8 shadow imps
  A white imp (Abyss:2)
  4 adder zombies
  17 worms
  6 leopard geckos
  127 orcs
  5 giant cockroaches
  12 goblins
  18 hobgoblins
  10 jackals
  4 quokkas
  8 bats
  5 frilled lizards
  7 hobgoblin zombies (Ossuary)
  39 kobolds
  7 kobold zombies
  5 orc zombies (Ossuary)
  A quokka skeleton (D:5)
  9 rats
  A fungus (Lair:1)
  A plant (Lair:5)
  A starspawn tentacle (Abyss:2)
1307 creatures vanquished.

Vanquished Creatures (collateral kills)
  2 hydras
  A deep elf knight (Elf:2)
  An orc high priest (Orc:2)
  An orc knight (Orc:2)
  A deep elf archer (Elf:1)
  2 deep elf magi
  An orc sorcerer (Orc:2)
  A cyclops (D:15)
  A salamander (shapeshifter) (D:13)
  Maurice (D:10)
  3 spiny frogs
  A komodo dragon (Lair:4)
  A polar bear (Lair:3)
  A merfolk (Lair:2)
  A slime creature (D:11)
  Prince Ribbit (D:6)
  2 blink frogs
  A raiju (Abyss:2)
  A yak (D:9)
  A basilisk (Lair:6)
  Menkaure (D:5)
  3 water moccasins
  3 orc warriors
  A slave (D:8)
  A phantom (D:4)
  An ogre (D:4)
  A centaur (D:15)
  A gnoll sergeant (D:5)
  A crimson imp (D:15)
  2 orc priests
  A jelly (D:7)
  2 orc wizards (D:11)
  An iguana (D:5)
  A gnoll (D:6)
  2 adders
  9 orcs
  A quokka (D:8)
  A kobold (D:8)
  A starspawn tentacle (Abyss:2)
59 creatures vanquished.

Vanquished Creatures (others)
  A lich (Abyss:2)
  3 deep elf archers (Elf:1)
  A deep elf mage (Elf:2)
  A manticore (Shoals:1)
  A yaktaur (D:13)
  A two-headed ogre (D:8)
  2 slaves
  A centaur (D:14)
  A phantom (D:8)
  An orc wizard (D:11)
  An iguana (Lair:6)
  A small abomination (Abyss:2)
  2 orcs
  12 fungi
  41 plants
  7 starspawn tentacles (Abyss:2)
77 creatures vanquished.

Grand Total: 1443 creatures vanquished

Notes
Turn   | Place    | Note
-------+----------+-------------------------------------------
     0 | D:1      | Peloso the Demonspawn Fighter began the quest for the Orb.
     0 | D:1      | Reached XP level 1. HP: 18/18 MP: 1/1
   216 | D:1      | Gained mutation: When seriously injured, your bleeding wounds create armour. (AC +12) [demonic ancestry]
   216 | D:1      | Reached XP level 2. HP: 22/24 MP: 2/2
   881 | D:2      | Gained mutation: When seriously injured, your bleeding wounds create thick armour. (AC +12) [demonic ancestry]
   881 | D:2      | Reached XP level 3. HP: 24/29 MP: 3/3
  1006 | D:2      | Reached skill level 3 in Shields
  1359 | D:2      | Reached XP level 4. HP: 35/35 MP: 4/4
  1866 | D:3      | Noticed Dolanko's ghost (amateur SpAs)
  2155 | D:3      | Found a runed door.
  2155 | D:3      | Noticed a human
  2206 | D:3      | Found a basalt altar of Yredelemnul.
  2213 | D:3      | Noticed a hippogriff
  2234 | D:3      | Killed a hippogriff
  2234 | D:3      | Reached skill level 1 in Dodging
  2234 | D:3      | Reached XP level 5. HP: 13/42 MP: 5/5
  2234 | D:3      | Reached XP level 6. HP: 14/48 MP: 6/6
  2631 | D:3      | Reached skill level 4 in Shields
  2780 | D:3      | Killed Dolanko's ghost
  3145 | D:4      | Gained mutation: A weak demonic guardian rushes to your aid. [demonic ancestry]
  3145 | D:4      | Reached XP level 7. HP: 51/54 MP: 7/7
  3599 | D:4      | HP: 2/54 [ogre/giant spiked club (19)]
  3609 | D:4      | Reached skill level 5 in Long Blades
  3995 | D:4      | Got an encrusted dagger
  4285 | D:5      | Entered Level 5 of the Dungeon
  4581 | D:5      | Reached XP level 8. HP: 32/61 MP: 8/8
  4927 | D:5      | Found Nyoroarch's Weapon Shoppe.
  4928 | D:5      | Noticed Menkaure
  5510 | D:5      | Killed Menkaure
  5786 | D:5      | Found a staircase to the Ecumenical Temple.
  5795 | Temple   | Entered the Ecumenical Temple
  5895 | Temple   | Became a worshipper of Ashenzari the Shackled
  5955 | D:5      | Reached skill level 5 in Shields
  5957 | D:5      | Reached skill level 5 in Armour
  5979 | D:5      | Noticed a hippogriff
  6001 | D:5      | Killed a hippogriff
  6375 | D:5      | Reached skill level 1 in Stealth
  6785 | D:6      | Noticed Blork the orc
  6797 | D:6      | Killed Blork the orc
  6797 | D:6      | Reached skill level 5 in Fighting
  6931 | D:6      | Found a runed door.
  6952 | D:6      | Noticed Sigmund
  6960 | D:6      | Noticed Prince Ribbit
  6964 | D:6      | Killed Sigmund
  7145 | D:6      | Reached XP level 9. HP: 51/68 MP: 9/9
  7830 | D:6      | Killed Prince Ribbit
  7916 | D:7      | Noticed Duvessa
  7919 | D:7      | Noticed Dowan
  7937 | D:7      | Killed Duvessa
  7942 | D:7      | Killed Dowan
  8059 | D:7      | Reached skill level 6 in Shields
  8572 | D:7      | Identified the Papyrus of Idealism
  8598 | D:7      | Found Zoycs's Distillery.
  8644 | D:7      | Bought a potion of heal wounds for 65 gold pieces
  8644 | D:7      | Bought a potion of curing for 39 gold pieces
  9166 | D:8      | Noticed efeel's ghost (novice CeHu)
  9194 | D:8      | Killed efeel's ghost
  9194 | D:8      | Reached XP level 10. HP: 68/76 MP: 10/10
  9207 | D:8      | Reached * piety under Ashenzari
  9233 | D:8      | Found a sand-covered staircase.
  9237 | Ossuary  | Entered an ossuary
  9464 | D:8      | Noticed Pikel
  9489 | D:8      | Killed Pikel
  9612 | D:8      | Reached skill level 7 in Shields
 10854 | D:9      | Found a flagged portal.
 10940 | Bailey   | Entered a bailey
 10957 | Bailey   | Noticed an orc warlord
 11340 | Bailey   | Found a runed gate.
 11341 | Bailey   | Found a runed gate.
 11342 | Bailey   | Found a runed gate.
 11541 | Bailey   | Identified the +8 dagger of the Apocalypse {venom, rPois rC++ Str-2 Dex+4} (You found it on level 4 of the Dungeon)
 11600 | Bailey   | Killed an orc warlord
 11600 | Bailey   | Reached skill level 10 in Long Blades
 11600 | Bailey   | Reached skill level 8 in Shields
 11600 | Bailey   | Reached skill level 1 in Evocations
 11600 | Bailey   | Gained mutation: You have large cloven feet. [demonic ancestry]
 11600 | Bailey   | Reached XP level 11. HP: 50/84 MP: 11/11
 14104 | D:10     | Entered Level 10 of the Dungeon
 14777 | D:10     | Noticed Maurice
 15438 | D:10     | Killed Maurice
 15438 | D:10     | Reached skill level 9 in Shields
 15568 | D:11     | Found a staircase to the Orcish Mines.
 15569 | D:11     | Found a portal to a secret trove of treasure.
 15686 | D:11     | Found Pimadank's Book Boutique.
 16283 | D:11     | Found a staircase to the Lair.
 16298 | Lair:1   | Entered Level 1 of the Lair of Beasts
 16881 | Lair:1   | Reached ** piety under Ashenzari
 18520 | Lair:2   | Gained mutation: You have hoof-like feet. [demonic ancestry]
 18520 | Lair:2   | Reached XP level 12. HP: 80/93 MP: 13/13
 18617 | Lair:2   | Found a staircase to the Shoals.
 18630 | Lair:2   | Reached skill level 10 in Shields
 19175 | Lair:2   | Got the morningstar of Ocsomit {crush, Int+4}
 19269 | Lair:2   | Noticed a death yak
 19329 | Lair:2   | Killed a death yak
 21601 | Lair:4   | Found a hole to the Spider Nest.
 22151 | Lair:3   | Reached skill level 11 in Shields
 22988 | Lair:4   | Noticed a death yak
 23064 | Lair:4   | Gained mutation: When seriously injured, your bleeding wounds create very thick armour. (AC +12) [demonic ancestry]
 23064 | Lair:4   | Reached XP level 13. HP: 84/101 MP: 14/14
 23615 | Lair:4   | Reached skill level 1 in Maces & Flails
 23615 | Lair:4   | Reached skill level 1 in Polearms
 23615 | Lair:4   | Reached skill level 1 in Throwing
 23615 | Lair:4   | Reached skill level 1 in Unarmed Combat
 23615 | Lair:4   | Reached skill level 1 in Spellcasting
 23615 | Lair:4   | Gained mutation: You are slightly more attuned to the shadows. [demonic ancestry]
 23615 | Lair:4   | Reached XP level 14. HP: 108/108 MP: 14/16
 23758 | Lair:5   | Reached *** piety under Ashenzari
 24069 | Lair:5   | Got the whip of Sin {slash, +Rage}
 24425 | Lair:5   | Got the cursed plate armour of Sorcery {rElec Int+4}
 24436 | Lair:5   | Identified the cursed +1 plate armour of Sorcery {rElec Int+4} (You found it on level 5 of the Lair of Beasts)
 26048 | D:7      | Bought a potion of might for 52 gold pieces
 26048 | D:7      | Bought a potion of curing for 39 gold pieces
 26174 | Orc:1    | Entered Level 1 of the Orcish Mines
 26333 | Orc:1    | Reached skill level 12 in Shields
 26700 | Orc:2    | Entered Level 2 of the Orcish Mines
 28549 | Orc:1    | Reached skill level 10 in Fighting
 29524 | Orc:2    | Found a staircase to the Elven Halls.
 32154 | Orc:2    | Reached skill level 10 in Armour
 32267 | Orc:2    | Noticed an orc warlord
 32439 | Orc:2    | Killed an orc warlord
 33359 | Orc:2    | Found Jejudono's Antique Armour Shoppe.
 33360 | Orc:2    | Found Cotsadwe's Antique Weapon Shoppe.
 33361 | Orc:2    | Found Xustac's General Store.
 33361 | Orc:2    | Found Qaucsoa's Jewellery Emporium.
 34927 | Lair:6   | Entered Level 6 of the Lair of Beasts
 35930 | Lair:5   | Reached XP level 15. HP: 60/117 MP: 17/17
 36578 | D:11     | Reached skill level 13 in Shields
 38325 | D:12     | Noticed Fannar
 38366 | D:12     | Killed Fannar
 40091 | D:13     | Reached **** piety under Ashenzari
 40563 | D:13     | Noticed Spawnferkel's ghost (journeyman MiGl)
 40749 | D:13     | Killed Spawnferkel's ghost
 41535 | D:13     | Found a gate to the Vaults.
 43310 | D:15     | Entered Level 15 of the Dungeon
 43369 | D:14     | Reached skill level 14 in Shields
 43764 | D:15     | Found a staircase to the Depths.
 43953 | D:15     | Reached XP level 16. HP: 101/127 MP: 18/18
 44760 | D:15     | Found Matucw's Distillery.
 44767 | D:15     | Bought a potion of haste for 120 gold pieces
 44767 | D:15     | Bought a potion of haste for 120 gold pieces
 44865 | D:15     | HP: 6/127 [poisoned by an ogre mage]
 44871 | D:15     | HP: 6/127 [poisoned by an ogre mage]
 45413 | D:11     | You paid a toll of 8 potions of haste to enter a treasure trove
 45414 | Trove    | Entered a treasure trove
 45450 | Trove    | Identified Ujalacw's Volume of Creative Clay
 45477 | Trove    | Identified Sif Muna's Volume of Hurtful Evil Rites
 45687 | D:15     | Found a sacrificial altar of Ru.
 47587 | Lair:6   | Found a staircase to the Slime Pits.
 49087 | Lair:6   | Reached skill level 15 in Shields
 49148 | Lair:6   | Found a runed door.
 52174 | Shoals:1 | Entered Level 1 of the Shoals
 53684 | Elf:1    | Entered Level 1 of the Elven Halls
 53961 | Elf:1    | Gained mutation: You are significantly more attuned to the shadows. [demonic ancestry]
 53961 | Elf:1    | Reached XP level 17. HP: 88/137 MP: 19/19
 54158 | Elf:1    | Identified the cursed +0 robe "Yssaaf" {MR+ Stlth+} (You took it off a deep elf mage on level 1 of the Elven Halls)
 54398 | Elf:1    | Noticed Agnes
 54426 | Elf:1    | Killed Agnes
 56658 | Elf:1    | Reached skill level 16 in Shields
 57164 | Elf:2    | Reached skill level 15 in Long Blades
 57631 | Elf:2    | Found an ancient bone altar of Kikubaaqudgha.
 59535 | Elf:2    | Found a huge runed gate.
 59535 | Elf:2    | Found a huge runed gate.
 59535 | Elf:2    | Found a huge runed gate.
 59536 | Elf:2    | Found a huge runed gate.
 59540 | Elf:2    | Found a huge runed gate.
 61946 | Elf:2    | HP: 5/140 [fire elemental[a deep elf mage] (9)]
 61953 | Elf:2    | HP: 2/140 [burnt (7)]
 62354 | Elf:2    | Gained mutation: You are completely attuned to the shadows. [demonic ancestry]
 62354 | Elf:2    | Reached XP level 18. HP: 119/147 MP: 20/20
 63321 | Elf:3    | Entered Level 3 of the Elven Halls
 63351 | Elf:3    | Found Buwnits's One-of-a-Kind Books.
 64488 | Elf:3    | Noticed a Hell Sentinel
 64726 | Elf:3    | Noticed a Brimstone Fiend
 66870 | Elf:3    | Reached skill level 17 in Shields
 67876 | Elf:2    | Identified the cursed +1 plate armour "Erhefoxi" {MR+++} (You took it off a deep elf high priest on level 2 of the Elven Halls)
 68740 | Elf:2    | Identified the cursed +1 plate armour "Paett" {MP+9} (You took it off a deep elf blademaster on level 2 of the Elven Halls)
 72444 | Elf:3    | Noticed an Ice Fiend
 72462 | Elf:3    | Reached skill level 5 in Stealth
 72824 | Elf:3    | Noticed lupus83's ghost (adept MiFi)
 72824 | Elf:3    | Reached skill level 15 in Fighting
 73234 | Elf:3    | Noticed Pytinka's ghost (adept MiFi)
 73725 | Elf:3    | Killed Pytinka's ghost
 74218 | Elf:3    | Killed lupus83's ghost
 74713 | Elf:3    | Identified the cursed +0 chain mail of Bedevilment {rPois Int+6} (You took it off a deep elf high priest on level 3 of the Elven Halls)
 75150 | Elf:3    | Identified the ring "Dadyshon" {rElec MP+9 Int+3 Dex-3} (You took it off a deep elf annihilator on level 3 of the Elven Halls)
 75179 | Elf:3    | Cast into level 2 of the Abyss (a deep elf sorcerer)
 75374 | Abyss:2  | Noticed a lich
 75623 | Abyss:2  | Reached XP level 19. HP: 92/155 MP: 21/21
 75893 | Abyss:2  | Gained mutation: You are resistant to hostile enchantments. (MR+) [a neqoxec]
 75895 | Abyss:2  | Gained mutation: Scrolls take you a little longer to read. [a neqoxec]
 75943 | Abyss:2  | Noticed a Tzitzimitl
 75958 | Abyss:2  | Killed from afar by a Tzitzimitl

Skill      XL: |  1  2  3  4  5  6  7  8  9 10 11 12 13 14 15 16 17 18 19 |
---------------+----------------------------------------------------------+-----
Armour         | 3 4 5 6 7 9 10 11 12 13 14 | 14.0
Long Blades    | 2 3 4 5 7 8 10 11 12 13 14 15 | 15.7
Shields        | 3 4 5 6 8 9 11 12 14 15 16 17 | 17.8
Dodging        | 1 2 3 4 |  4.6
Fighting       | 4 5 6 7 8 9 10 11 13 14 15 | 15.3
Stealth        | 1 2 3 4 5 |  5.2
Evocations     | 1 2 3 |  3.0
Maces & Flails | 1 |  1.4
Polearms       | 1 |  1.8
Throwing       | 1 |  1.4
Unarmed Combat | 1 |  1.4
Spellcasting   | 1 |  1.4

Action                   |  1- 3 |  4- 6 |  7- 9 | 10-12 | 13-15 | 16-18 | 19-21 || total
-------------------------+-------+-------+-------+-------+-------+-------+-------++-------
Melee: Long sword        |   147 |   249 |   536 |  1675 |  1867 |       |       ||  4474
       Kick              |       |       |       |   503 |  1166 |  1060 |    50 ||  2779
       Spear             |       |       |       |       |    87 |       |       ||    87
       Scimitar          |       |       |       |       |   538 |  2719 |   111 ||  3368
Invok: Curse Item        |       |       |       |       |       |     1 |       ||     1
 Abil: Evoke Flight      |       |       |       |     3 |       |     5 |       ||     8
Evoke: Wand              |       |       |     3 |    10 |     7 |    17 |     4 ||    41
  Use: Potion            |       |     1 |     2 |     7 |     4 |    12 |       ||    26
       Scroll            |       |       |    17 |     9 |     8 |    17 |     1 ||    52
 Stab: Distracted        |       |       |     1 |     6 |    11 |    19 |       ||    37
  Eat: Chunk             |     2 |     6 |    15 |    45 |    64 |    83 |     1 ||   216
       Fruit             |       |       |     6 |     4 |     7 |    17 |       ||    34
       Beef jerky        |       |       |       |     1 |       |     2 |       ||     3
       Royal jelly       |       |       |       |       |       |     1 |       ||     1
Armor: Chain mail        |    97 |   159 |   161 |       |       |       |       ||   417
       Scale mail        |     4 |       |       |       |       |       |       ||     4
       Plate armour      |       |       |    58 |   565 |   592 |   723 |    63 ||  2001
Dodge: Dodged            |    38 |    38 |   111 |   304 |   388 |   422 |    33 ||  1334
Block: Shield            |    82 |   121 |   288 |  1343 |  1933 |  2012 |   118 ||  5897
       Reflection        |       |       |       |     8 |    49 |   110 |     1 ||   168
       Rpst.: Long sword |    11 |    13 |    32 |    86 |    59 |       |       ||   201
       Scimitar          |       |       |       |       |    15 |   110 |     8 ||   133
